 Dungeon Crawl Stone Soup version 0.26-a0-466-g989023bd0d (webtiles) character file.

Game seed: 10233839474006295978

4813 Morbidden the Grappler (level 10, -1/94 HPs)
             Began as a Troll Conjurer on July 29, 2020.
             Was a Priest of Cheibriados.
             Slain by an ice beast (11 damage)
             ... on level 9 of the Dungeon.
             The game lasted 00:17:03 (8310 turns).

Morbidden the Grappler (Troll Conjurer)             Turns: 8310, Time: 00:17:05

Health: -1/94      AC:  7    Str: 22 (24) XL:     10   Next: 24%
Magic:  24/24      EV: 12    Int: 23 (24) God:    Cheibriados [***...]
Gold:   423        SH:  0    Dex: 13 (15) Spells: 14/17 levels left

rFire    . . .     SeeInvis .     - Unarmed
rCold    . . .     Faith    .   (no shield)
rNeg     . . .     Spirit   .   a - +1 robe
rPois    .         Reflect  .   (helmet restricted)
rElec    .         Harm     .   x - scarf {repulsion}
rCorr    .                      (gloves unavailable)
MR       +....                  (boots unavailable)
Stlth    ++........             (no amulet)
HPRegen  0.65/turn              e - ring of protection from magic
MPRegen  0.19/turn              y - ring of magical power

@: repel missiles, very slow
A: large, unfitting armour, claws 3, regeneration 1, shaggy fur 1, tough skin 3
a: Bend Time, Temporal Distortion, Renounce Religion


You were on level 9 of the Dungeon.
You worshipped Cheibriados.
Cheibriados was most pleased with you.
You visited 2 branches of the dungeon, and saw 10 of its levels.
You also visited: Ossuary.

You collected 423 gold pieces.

Inventory:

Missiles
 l - 43 poisoned darts (quivered)
 r - 9 boomerangs
 A - 5 javelins
Armour
 a - a +1 robe (worn)
 x - a scarf of repulsion (worn)
Jewellery
 e - a ring of protection from magic (left claw)
 y - a ring of magical power (right claw)
Wands
 t - a wand of iceblast (29)
 B - a wand of digging (5)
Scrolls
 b - 7 scrolls of remove curse
 c - 10 scrolls of identify
 f - 4 scrolls of enchant weapon
 i - 2 scrolls of amnesia
 p - a scroll of magic mapping
 q - a scroll of random uselessness
 u - a scroll of immolation {unknown}
 v - a scroll of teleportation {unknown}
 w - a scroll of fog
 C - a scroll of enchant armour
Potions
 g - a potion of berserk rage {unknown}
 h - 4 potions of curing
 j - 2 potions of degeneration
 k - a potion of lignification {unknown}
 m - a potion of might {unknown}
 s - a potion of brilliance {unknown}
 z - 2 potions of mutation {unknown}


   Skills:
 * Level 4.8 Fighting
 + Level 2.2 Throwing
 + Level 4.3 Dodging
 - Level 2.0 Stealth
 + Level 8.2 Unarmed Combat
 * Level 4.2 Spellcasting
 + Level 4.6 Conjurations
 * Level 3.8 Invocations


You had 14 spell levels left.
You knew the following spells:

 Your Spells              Type           Power        Failure   Level
a - Magic Dart            Conj           ####         1%          1
b - Searing Ray           Conj           ####..       2%          2

Your spell library contained the following spells:

 Spells                   Type           Power        Failure   Level
 Dazzling Flash           Conj/Hex       ###...       12%         3
 Fulminant Prism          Conj/Hex       ###.......   36%         4
 Iskenderun's Mystic Bla  Conj/Tloc      ###.....     36%         4


Dungeon Overview and Level Annotations

Branches:
Dungeon (9/15)             Temple (1/1) D:6         Ossuary (visited)
   Lair: D:8-11         Orc: D:9-12

Altars:
Ashenzari
Cheibriados
Dithmenos
Elyvilon
Gozag
Hepliaklqana
Kikubaaqudgha
Makhleb
Nemelex Xobeh
Okawaru
Qazlal
Ru
Sif Muna
Trog
Uskayaw
Vehumet
Wu Jian
Xom
Yredelemnul
Zin
The Shining One

Annotations:
D:6 3 runed translucent doors, Essalna's ghost, novice GrIE
D:8 1 runed translucent door


Innate Abilities, Weirdness & Mutations

You are too large for most types of armour.
You have claws for hands.
Your natural rate of healing is unusually fast.
You are covered in fur. (AC +1)
You have extremely tough skin. (AC +3)


Message History

Unknown command.
Unknown command.
Unknown command.
Okay, then.
Unknown command.
Okay, then.
Unknown command.
Okay, then.
Okay, then.
Okay, then.
Unknown command.
Unknown command.
As you read the scroll labeled QAYLOU WELUXKE, it crumbles to dust.
Wisps of shadow whirl around you...
It was a scroll of summoning.
The wolf closely misses you.
The hornet zombie hits you but does no damage.
The wolf misses you.
The phantom blinks!
The ice beast hits you.
* * * LOW HITPOINT WARNING * * *
The ice beast freezes you!
You die...

,,,,,,,,,,* *,* *,,,,,≈,≈≈..≈≈≈.
,*,,,,,*,,* *,* *,.#,,,≈≈...≈≈,.
,,,,,,,*,,* #,* *..#,,,≈,.≈≈≈≈,#
,*,,,,,*,.####.* #..#...≈...≈≈≈≈#
,,,,,,,*,......* #..#...≈.∩..≈≈≈#
,,,,*,,*,,,....###..#...≈....≈..#
,,***,,*****#.ZZZ§§.#...≈....≈...
,,* *,,**,,,*#.§YY§.#...≈.≈≈.≈≈..
,,* *,**,,,,,*#Z@h§.#...≈h.≈≈≈≈.#
,,* *,*,,,,,,,#§§h§§#......≈.≈≈.#
,,* *,*,,,_,,,#.§§§YhY.....≈.≈≈.#
,,* *,*,,,,,,,#.†§§.##.≈≈.≈≈≈≈..#
,,* *,**,,,,,##>....##..≈.≈≈≈≈...
,,* *,***,,,##......##..≈.≈≈≈≈...
,,***,* **,*#.......##.≈≈≈.≈≈.≈..
,,**,,**#...........##).......≈..
,,**,,......(.......##.##........


You could see a yak, an ice beast, 2 wolves, a hornet zombie, a friendly
bullfrog zombie (summoned), a friendly wyvern zombie (summoned) and a friendly
bullfrog skeleton (summoned).

Vanquished Creatures
  A two-headed ogre (D:8)
  3 yaks
  An orc warrior (D:7)
  4 ice beasts
  2 black bears
  A necrophage (D:5)
  2 phantoms
  A sky beast (D:5)
  3 ogres
  A centaur (D:5)
  2 elf zombies (Ossuary)
  6 bullfrogs
  A wyvern zombie (D:6)
  4 scorpions
  2 vampire bats (D:4)
  3 howler monkeys
  An electric eel (D:9)
  A quasit (D:9)
  2 bullfrog skeletons
  A bullfrog zombie (D:7)
  3 centaur zombies (Ossuary)
  4 hounds
  A gnoll shaman (D:6)
  7 human zombies (Ossuary)
  A jelly (D:8)
  An orc priest (D:7)
  Jessica (D:3)
  2 iguanas
  3 orc wizards
  5 worker ants
  A hound skeleton (D:4)
  3 mummies (Ossuary)
  2 worker ant zombies
  Robin (D:2)
  12 gnolls
  13 adders
  A shadow imp (D:8)
  A white imp (D:5)
  A worker ant simulacrum (D:9)
  2 ufetubi
  2 adder zombies
  3 adder skeletons
  3 dart slugs
  6 leopard geckos
  27 orcs
  A ball python (D:4)
  2 bat skeletons (D:4)
  2 bat zombies (D:4)
  9 giant cockroaches
  14 goblins
  9 hobgoblins
  8 jackals
  A quokka (D:3)
  2 bats (D:3)
  4 frilled lizards
  A goblin zombie (D:4)
  8 kobolds
  A quokka skeleton (D:7)
  2 quokka zombies
  3 rats
215 creatures vanquished.

Notes
Turn   | Place    | Note
-------+----------+-------------------------------------------
     0 | D:1      | Morbidden the Troll Conjurer began the quest for the Orb.
     0 | D:1      | Reached XP level 1. HP: 16/16 MP: 1/1
   206 | D:1      | Reached XP level 2. HP: 22/24 MP: 3/3
   620 | D:2      | Reached XP level 3. HP: 30/31 MP: 4/4
   652 | D:2      | Learned a level 2 spell: Searing Ray
  1146 | D:2      | Noticed Robin
  1155 | D:2      | Killed Robin
  1155 | D:2      | Reached skill level 1 in Unarmed Combat
  1155 | D:2      | Reached XP level 4. HP: 40/40 MP: 5/5
  1532 | D:3      | Reached skill level 1 in Fighting
  1724 | D:3      | Reached XP level 5. HP: 40/48 MP: 3/6
  1803 | D:3      | Noticed Jessica
  1808 | D:3      | Killed Jessica
  1808 | D:3      | Reached skill level 2 in Unarmed Combat
  1848 | D:3      | Found a shimmering blue altar of Sif Muna.
  1898 | D:3      | Found a burning altar of Makhleb.
  2155 | D:4      | Noticed an ogre
  2162 | D:4      | Killed an ogre
  2162 | D:4      | Reached XP level 6. HP: 55/55 MP: 2/8
  2251 | D:4      | Found a sand-covered staircase.
  2262 | Ossuary  | Entered an ossuary
  2341 | Ossuary  | Reached skill level 3 in Unarmed Combat
  2360 | Ossuary  | Reached XP level 7. HP: 36/65 MP: 2/9
  2448 | Ossuary  | Reached skill level 1 in Throwing
  2590 | Ossuary  | Reached skill level 4 in Unarmed Combat
  3070 | D:4      | Found an ancient bone altar of Kikubaaqudgha.
  3161 | D:4      | Reached XP level 8. HP: 53/74 MP: 0/10
  3204 | D:4      | Reached skill level 5 in Unarmed Combat
  3569 | D:5      | Entered Level 5 of the Dungeon
  4093 | D:5      | Reached skill level 6 in Unarmed Combat
  4432 | D:6      | Found a staircase to the Ecumenical Temple.
  4441 | Temple   | Entered the Ecumenical Temple
  4569 | Temple   | Became a worshipper of Cheibriados the Contemplative
  4777 | D:6      | Reached skill level 1 in Invocations
  4974 | D:6      | Reached XP level 9. HP: 56/84 MP: 12/12
  5123 | D:6      | Reached * piety under Cheibriados
  5236 | D:6      | Found a runed translucent gate.
  5236 | D:6      | Found a runed translucent gate.
  5236 | D:6      | Found a runed translucent gate.
  5238 | D:6      | Noticed Essalna's ghost (novice GrIE)
  5856 | D:7      | Reached skill level 7 in Unarmed Combat
  6274 | D:7      | Found a hazy altar of Hepliaklqana.
  6325 | D:7      | Reached ** piety under Cheibriados
  6995 | D:8      | Found a sacrificial altar of Ru.
  6997 | D:8      | Found a sparkling altar of Nemelex Xobeh.
  7330 | D:8      | Noticed a two-headed ogre
  7341 | D:8      | Killed a two-headed ogre
  7341 | D:8      | Reached XP level 10. HP: 22/94 MP: 15/15
  7782 | D:8      | Found a runed translucent door.
  7885 | D:8      | Noticed a tengu warrior
  7885 | D:8      | Noticed a death knight
  7885 | D:8      | Noticed a red very ugly thing
  7964 | D:8      | Reached *** piety under Cheibriados
  8044 | D:9      | Reached skill level 8 in Unarmed Combat
  8250 | D:9      | Found a glowing silver altar of Zin.
  8307 | D:9      | HP: 4/94 [hornet zombie (7)]
  8310 | D:9      | Slain by an ice beast

Illustrated notes

Levels and vault maps discovered:
D:1:      tarquinn_simple_flora_water_b, layout_loops_cross,
          grunt_decor_mini_mirrors
D:2:      layout_loops_ring, kennysheep_path_1, uniq_robin
D:3:      layout_rooms, nicolae_overflow_crystal_walls, tgw_sif
D:4:      layout_basic, kennysheep_vampire_church, enter_ossuary_4
D:5:      layout_loops_ring, chequers_serial_rivers_micro_c
D:6:      layout_loops_ring, minmay_temple_entry_slanted,
          gammafunk_ghost_necromancy
D:7:      layout_loops_ring, kennysheep_mini
D:8:      layout_loops_cross, grunt_temple_overflow_open, wad_hexagon
D:9:      layout_long_grid, lemuel_round_altar, basic_altar, serial_ice,
          serial_ice_m, serial_ice_g, serial_ice_o, serial_ice_f, serial_ice_b,
          serial_ice_j, grunt_ashenzari_visionary
          [grunt_ashenzari_visionary_shoals, grunt_ashenzari_visionary_spider]
Temple:   eino_temple_scatter_basement

Skill      XL: |  1  2  3  4  5  6  7  8  9 10 |
---------------+-------------------------------+-----
Conjurations   | 3 4 |  4.6
Unarmed Combat | 1 2 3 4 6 7 8 |  8.2
Dodging        | 2 3 4 |  4.3
Fighting       | 1 2 3 4 |  4.8
Spellcasting   | 2 3 4 |  4.2
Throwing       | 1 2 |  2.2
Invocations    | 1 3 |  3.8
Stealth        | 2 |  2.0

Action                   |  1- 3 |  4- 6 |  7- 9 | 10-12 || total
-------------------------+-------+-------+-------+-------++-------
Melee: Unarmed           |   107 |   177 |   265 |    84 ||   633
       Punch             |       |     1 |     8 |     4 ||    13
Throw: Dart              |       |    12 |    12 |     7 ||    31
       Boomerang         |       |       |     3 |       ||     3
 Cast: Magic Dart        |     3 |    29 |    97 |    10 ||   139
       Searing Ray       |       |     5 |    28 |     3 ||    36
  Use: Scroll            |     2 |     3 |       |     7 ||    12
       Potion            |       |       |       |     6 ||     6
 Stab: Sleeping          |       |     2 |     1 |     1 ||     4
Armor: Robe              |    33 |    75 |    78 |    30 ||   216
Dodge: Dodged            |    37 |    83 |   150 |    68 ||   338
       Repelled          |       |       |       |     1 ||     1

Table legend: (Time is in decaauts)
 A = Elapsed time spent in this place.
 B = Non-inter-level travel time spent in this place.
 C = Inter-level travel time spent in this place.
 D = Time resting spent in this place.
 E = Time spent auto-exploring this place.
 F = Levels seen in this place.
 G = Mean time per level.
                   A        B        C        D        E       F      G
               +--------+--------+--------+--------+--------+-----+--------+
         Total |   9191 |   8830 |    361 |    462 |   6627 |  11 |  835.5 |
       Dungeon |   8610 |   8270 |    340 |    258 |   6409 |   9 |  956.7 |
        Temple |    151 |    130 |     21 |      0 |    125 |   1 |  151.0 |
       Ossuary |    429 |    429 |      0 |    204 |     93 |   1 |  429.0 |
               +--------+--------+--------+--------+--------+-----+--------+

Top non-repeatable levels by time:
     D:8: 1476 daAuts
     D:6: 1341 daAuts
     D:7: 1329 daAuts
     D:4: 1015 daAuts
     D:5: 943 daAuts
     D:3: 892 daAuts
     D:2: 646 daAuts
     D:1: 570 daAuts
 Ossuary: 429 daAuts
     D:9: 395 daAuts
  Temple: 151 daAuts
